 Dungeon Crawl Stone Soup version 0.29-a0-2-g12fcac58f8 (webtiles) character file.

Game seed: 15641052688616313032

1913 enile the Fighter (level 9, -2/102 HPs)
             Began as an Ogre Fire Elementalist on Jan 26, 2022.
             Was a Priest of Wu Jian.
             Slain by an orc warrior (7 damage)
             ... on level 7 of the Dungeon.
             The game lasted 00:16:48 (11868 turns).

enile the Fighter (Ogre Fire Elementalist)         Turns: 11868, Time: 00:16:48

Health: -2/102     AC:  4    Str: 14    XL:     9   Next: 16%
Magic:  1/16       EV: 10    Int: 20    God:    Wu Jian [***...]
Gold:   198        SH:  5    Dex:  9    Spells: 11/18 levels left

rFire   . . .      SeeInvis .   f - +2 dagger (speed)
rCold   . . .      Faith    .   (no shield)
rNeg    . . .      Spirit   .   a - +1 robe
rPois   .          Reflect  +   (helmet restricted)
rElec   .          Harm     .   (no cloak)
rCorr   .          Rampage  .   (gloves unavailable)
Will    .....                   (boots unavailable)
Stlth   +.........              l - amulet of reflection
HPRegen 0.27/turn               (no ring)
MPRegen 0.15/turn               (no ring)

@: hasted, invisible, very quick
A: large, unfitting armour, tough skin 1
a: Renounce Religion, Wall Jump, Serpent's Lash


You were on level 7 of the Dungeon.
You worshipped Wu Jian.
Wu Jian was most pleased with you.
You visited 1 branch of the dungeon, and saw 7 of its levels.

You collected 324 gold pieces.
You spent 126 gold pieces at shops.

Inventory:

Hand Weapons
 d - a +0 dagger
 f - a +2 dagger of speed (weapon)
 j - a +0 dagger of draining
Missiles
 b - 16 poisoned darts
Armour
 a - a +1 robe (worn)
 k - a +0 helmet
Jewellery
 l - an amulet of reflection (around neck)
Wands
 e - a wand of acid (1)
Scrolls
 h - 3 scrolls of identify
 i - 4 scrolls of enchant weapon {unknown}
 r - a scroll of fog
Potions
 m - 3 potions of curing
 o - 3 potions of brilliance {unknown}
 q - a potion of cancellation {unknown}


   Skills:
 + Level 10.6 Fighting
 - Level 1.0 Short Blades
 - Level 3.0 Dodging
 - Level 1.5 Stealth
 - Level 5.0 Spellcasting
 - Level 1.0 Conjurations
 - Level 6.0 Fire Magic
 - Level 2.0 Evocations


You had 11 spell levels left.
You knew the following spells:

 Your Spells              Type           Power      Damage    Failure   Level
a - Foxfire               Conj/Fire      76%        2x1d7     2%          1
b - Scorch                Fire           58%        2d7       1%          2
c - Flame Wave            Conj/Fire      19%        2d6       26%         4

Your spell library contained the following spells:

 Spells                   Type           Power      Damage    Failure   Level
 Conjure Flame            Conj/Fire      19%        6-21      9%          3
 Inner Flame              Hex/Fire       17%        N/A       10%         3
 Animate Skeleton         Necr           10%        N/A       12%         1
 Apportation              Tloc           10%        N/A       12%         1
 Summon Small Mammal      Summ           20%        N/A       12%         1


Dungeon Overview and Level Annotations

Branches:
Dungeon (7/15)             Temple (0/1) D:5

Altars:
Makhleb
Wu Jian

Shops:
D:3 !   D:6 [


Innate Abilities, Weirdness & Mutations

You are too large for most types of armour.
You have tough skin. (AC +1)


Message History

The troll is almost dead.
The troll bites you.
* * * LOW HITPOINT WARNING * * *
The troll claws you but does no damage. x2
You hit the troll.
The troll is almost dead.
You hit the troll.
The troll is almost dead.
You hit the troll.
You kill the troll!
The Council accepts your kill.
Training target 6.0 for Fire Magic reached!
Your Fire Magic skill increases to level 6!
You need to enable at least one skill for training.
You hit the orc warrior but do no damage.
The orc warrior is severely wounded.
You hit the orc warrior.
The orc warrior is severely wounded.
The orc warrior hits you but does no damage.
You hit the orc warrior but do no damage.
The orc warrior is severely wounded.
You hit the orc warrior but do no damage.
The orc warrior is severely wounded.
You hit the orc warrior but do no damage.
The orc warrior is severely wounded.
The orc warrior hits you with a +0 trident.
* * * LOW HITPOINT WARNING * * *
You closely miss the orc warrior.
The orc warrior is severely wounded.
You hit the orc warrior but do no damage.
The orc warrior is severely wounded.
You block the orc warrior's attack.
You closely miss the orc warrior.
The orc warrior is severely wounded.
You hit the orc warrior but do no damage.
The orc warrior is severely wounded.
You feel less wooden.
Your +1 robe unmelds from your body.
The orc warrior hits you with a +0 trident!
You die...

#.# #.###############
#.#.#.#.#.#.#.#.#
.#.#.#.#.#.#.#.##
#.#.#.#.#.#.#.#.#
.#.#.#.#.#.#.#.##
#.#.#.#.#.#.#.#.#
.#.#.#.#.#.#.#.#####
#.#.#.#.#.#.#.#.@o.#
.#.#.#.#.#.#.#.###.')...§.
#.#.#.#.#.#.#.#.##§'.....§
.#.#.#.#.#.#.#.#####≈≈≈§§§
#.#.#.#.#.#.#.#.# §§≈≈≈§
.#.#.#.#.#.#.#.## ≈≈≈§§≈
#.#.#.#.#.#.#.#.# ≈≈≈§≈
.#.#.#.#.#(#.#.## #≈≈≈§
#.#.#.#.#.#.#.#.#######


You could see an orc warrior.

Vanquished Creatures
  A troll (D:7)
  A necrophage (D:6)
  A hornet zombie (D:5)
  An ogre (D:6)
  3 centaurs
  A bullfrog (D:6)
  A kobold brigand (D:6)
  A gnoll sergeant (D:6)
  3 killer bees
  3 orc priests
  A centaur zombie (D:7)
  7 hounds
  2 jellies
  3 iguanas
  5 orc wizards
  A killer bee zombie (D:7)
  A hound zombie (D:5)
  3 gnolls (D:6)
  10 adders
  A white imp (D:6)
  2 ufetubi
  An adder skeleton (D:4)
  4 worms
  2 dart slugs
  20 orcs
  6 ball pythons
  4 bats
  6 endoplasms
  2 giant cockroaches (D:3)
  8 goblins
  7 hobgoblins
  6 jackals
  11 kobolds
  2 quokkas
  3 frilled lizards (D:1)
  5 rats
139 creatures vanquished.

Vanquished Creatures (others)
  426 foxfires
426 creatures vanquished.

Grand Total: 565 creatures vanquished

Notes
Turn   | Place    | Note
-------+----------+-------------------------------------------
     0 | D:1      | enile the Ogre Fire Elementalist began the quest for the
                  | Orb.
     0 | D:1      | Reached XP level 1. HP: 16/16 MP: 3/3
   143 | D:1      | Reached skill level 1 in Conjurations
   572 | D:1      | Reached skill level 1 in Fighting
   572 | D:1      | Reached XP level 2. HP: 22/27 MP: 1/5
   897 | D:1      | Reached skill level 2 in Fighting
  1389 | D:1      | Reached XP level 3. HP: 36/36 MP: 4/6
  1720 | D:1      | Reached skill level 3 in Fighting
  2272 | D:2      | Found a faded altar of an unknown god.
  2280 | D:2      | Prayed at the altar of an unknown god.
  2280 | D:2      | Became a worshipper of the Wu Jian Council
  2280 | D:2      | Reached * piety under Wu Jian
  2897 | D:2      | Reached skill level 4 in Fighting
  3080 | D:3      | Found Beseicwi's Distillery.
  3101 | D:3      | Bought 2 potions of curing for 84 gold pieces
  3108 | D:3      | Reached XP level 4. HP: 44/48 MP: 4/7
  3111 | D:3      | Learned a level 2 spell: Scorch
  3300 | D:3      | You fall into a shaft and drop 1 floor!
  3509 | D:4      | Reached ** piety under Wu Jian
  3626 | D:3      | Noticed a centaur
  4082 | D:2      | Killed a centaur
  4083 | D:2      | Reached XP level 5. HP: 41/54 MP: 3/11
  4520 | D:3      | Reached XP level 6. HP: 34/63 MP: 5/12
  5119 | D:3      | Reached skill level 5 in Fighting
  5325 | D:4      | Noticed a steam dragon
  5387 | D:3      | Bought a potion of curing for 42 gold pieces
  6533 | D:4      | Reached skill level 6 in Fighting
  6693 | D:4      | Reached XP level 7. HP: 76/76 MP: 13/13
  6702 | D:4      | Reached skill level 7 in Fighting
  7611 | D:5      | Entered Level 5 of the Dungeon
  7619 | D:5      | Reached skill level 1 in Short Blades
  7771 | D:5      | Found a staircase to the Ecumenical Temple.
  7788 | D:5      | Reached skill level 8 in Fighting
  8240 | D:5      | Identified the +6 scale mail of Ashenzari's Pride {Rampage
                  | rElec Int-4 Dex+4}
  8278 | D:6      | Reached *** piety under Wu Jian
  8285 | D:6      | Reached skill level 5 in Fire Magic
  8681 | D:6      | Found Diupnairph's Armour Shoppe.
  8903 | D:6      | Reached XP level 8. HP: 88/88 MP: 9/14
  9189 | D:5      | Reached skill level 5 in Spellcasting
  9266 | D:5      | Found a burning altar of Makhleb.
 10045 | D:6      | Reached skill level 9 in Fighting
 10274 | D:6      | Reached skill level 10 in Fighting
 10667 | D:6      | Reached skill level 1 in Evocations
 10676 | D:6      | Learned a level 4 spell: Flame Wave
 11811 | D:7      | Noticed a troll
 11836 | D:7      | Reached XP level 9. HP: 66/101 MP: 1/16
 11851 | D:7      | HP: 5/151 [orc warrior (7)]
 11851 | D:7      | HP: 1/151 [troll (4)]
 11859 | D:7      | Killed a troll
 11864 | D:7      | HP: 7/153 [orc warrior (6)]
 11868 | D:7      | Slain by an orc warrior

Illustrated notes

Levels and vault maps discovered:
D:1:      minmay_arrival_open_corners, layout_basic, minmay_bisected
D:2:      layout_rooms, shapermc_ecumenical_altar_pompeii, minmay_cupped
D:3:      layout_rooms, serial_shops, shop
D:4:      layout_basic, minmay_liquid_box
D:5:      layout_layer_cave, mainiacjoe_overflow_brackets,
          minmay_temple_entry_grid
D:6:      layout_basic, serial_shops, shop, hangedman_decor_slide_cut,
          patterned_corridor
D:7:      kennysheep_big_flooded_room, layout_basic, guppyfry_early_elven_hall

Skill      XL: |  1  2  3  4  5  6  7  8  9 |
---------------+----------------------------+-----
Conjurations   | 1 |  1.0
Fighting       | 1 2 4 6 8 10 | 10.6
Fire Magic     | 3 4 5 6 |  6.0
Spellcasting   | 4 5 |  5.0
Dodging        | 2 3 |  3.0
Short Blades   | 1 |  1.0
Evocations     | 2 |  2.0
Stealth        | |  1.5

Action                   |  1- 3 |  4- 6 |  7- 9 || total
-------------------------+-------+-------+-------++-------
Melee: Unarmed           |     8 |       |       ||     8
       Punch             |     2 |       |       ||     2
       Dagger            |    23 |    40 |    63 ||   126
 Cast: Foxfire           |   108 |    70 |    95 ||   273
       Scorch            |       |    42 |    60 ||   102
       Flame Wave        |       |       |     1 ||     1
Invok: Lunge             |     1 |     5 |       ||     6
       Whirlwind         |       |     1 |     4 ||     5
 Abil: Wall Jump         |       |       |     1 ||     1
Evoke: Wand              |       |       |     3 ||     3
  Use: Scroll            |       |     6 |     1 ||     7
       Potion            |       |     1 |     5 ||     6
Armor: Robe              |    14 |    39 |    26 ||    79
       Skin              |       |       |    65 ||    65
Dodge: Dodged            |    19 |    71 |    81 ||   171
Block: Other             |       |       |    41 ||    41
       Reflection        |       |       |     3 ||     3

Table legend: (Time is in decaauts)
 A = Elapsed time spent in this place.
 B = Non-inter-level travel time spent in this place.
 C = Inter-level travel time spent in this place.
 D = Time resting spent in this place.
 E = Time spent auto-exploring this place.
 F = Levels seen in this place.
 G = Mean time per level.
                   A        B        C        D        E       F      G
               +--------+--------+--------+--------+--------+-----+--------+
         Total |  11849 |  11531 |    318 |   1066 |   8810 |   7 | 1692.7 |
       Dungeon |  11849 |  11531 |    318 |   1066 |   8810 |   7 | 1692.7 |
               +--------+--------+--------+--------+--------+-----+--------+

Top non-repeatable levels by time:
     D:3: 2893 daAuts
     D:6: 2184 daAuts
     D:1: 2071 daAuts
     D:2: 1503 daAuts
     D:5: 1450 daAuts
     D:4: 1141 daAuts
     D:7: 603 daAuts
